 Dungeon Crawl Stone Soup version 0.24.0-2-g5b39cebb1c (webtiles) character file.

Game seed: 6102340727919598324, levelgen mode: deterministic

40 Shtrein the Chucker (level 3, -2/36 HPs)
             Began as an Ogre Hunter on Oct 29, 2019.
             Killed from afar by Blork the orc (8 damage)
             ... with a magic dart
             ... on level 5 of the Dungeon.
             The game lasted 00:05:43 (1448 turns).

Shtrein the Chucker (Ogre Hunter)                   Turns: 1448, Time: 00:05:43

Health: -2/36      AC:  6    Str: 16    XL:     3   Next: 50%
Magic:  3/3        EV: 19    Int: 12    God:
Gold:   114        SH:  0    Dex: 10    Spells: 2/2 levels left

rFire    + + .     SeeInvis .   (weapon currently unavailable)
rCold    + + .     Gourm    .   (shield currently unavailable)
rNeg     + + +     Faith    .   (armour currently unavailable)
rPois    ∞         Spirit   .   (helmet currently unavailable)
rElec    +         Reflect  .   (cloak currently unavailable)
rCorr    +         Harm     .   (gloves unavailable)
MR       .....                  (boots unavailable)
Stlth    +.........             (amulet currently unavailable)
HPRegen  0.12/turn              (ring currently unavailable)
MPRegen  0.08/turn              (ring currently unavailable)

@: wisp-form, flying, quick
A: tiny, unfitting armour
a: no special abilities


You were on level 5 of the Dungeon.
You were hungry.
You were an insubstantial wisp.
You visited 1 branch of the dungeon, and saw 5 of its levels.

You collected 114 gold pieces.

Inventory:

Hand Weapons
 a - a +0 short sword (melded)
Missiles
 c - 4 large rocks (quivered)
Armour
 b - a +0 robe (melded)
Scrolls
 e - 7 scrolls of identify {unknown}
 i - a scroll of immolation {unknown}
 j - 2 scrolls of remove curse {unknown}
 k - a scroll of random uselessness {unknown}
Potions
 g - a potion of might {unknown}
 h - a potion of flight {unknown}
 l - a potion of agility {unknown}
 n - a potion of cancellation {unknown}
 o - a potion of curing {unknown}
 p - a potion of lignification {unknown}
Comestibles
 f - 4 rations


   Skills:
 + Level 2.8 Fighting
 + Level 0.2 Short Blades
 + Level 4.9 Throwing
 + Level 2.0 Dodging
 + Level 0.6 Stealth


You had 2 spell levels left.
You didn't know any spells.
Your spell library was empty.

Dungeon Overview and Level Annotations

Branches:
Dungeon (5/15)
 Temple: D:4-7

Altars:
Yredelemnul

Annotations:
D:5 Blork the orc, Ijyb


Innate Abilities, Weirdness & Mutations

You are too large for most types of armour.
((You have tough skin. (AC +1)))


Message History

Blork the orc hits you from afar with a +0 trident!
* * * LOW HITPOINT WARNING * * *
The adder bites you but does no damage.
The giant cockroach bites you but does no damage.
The kobold barely misses you.
Blork the orc gestures wildly while chanting.
Blork the orc seems to speed up.
The kobold closely misses you.
Blork the orc looks braver for a moment.
Ijyb zaps a wand.
You turn into an insubstantial wisp.
Your +0 short sword melds into your body.
Your +0 robe melds into your body.
The adder closely misses you. The kobold misses you.
You blink.
You blink.
Blork the orc looks braver for a moment.
Ijyb screams, "It's all mine!"
Ijyb zaps a wand.
Blork the orc points at you and mumbles some strange words.
The magic dart hits you!
You die...

......#....##...##
..........#.## ####
#............# #####
####...≈≈≈≈≈....# ##...#
.....≈≈≈≈≈≈≈≈≈..###.....
...≈≈≈≈≈≈≈≈≈≈≈..........
..≈≈≈≈≈≈≈≈≈≈≈≈≈.#.......
..≈≈≈≈≈≈_≈≈≈≈≈≈K........
..≈≈≈≈≈v≈≈≈≈≈≈≈S###§....
...≈≈≈≈≈≈≈≈≈≈≈o.# ##...#
....≈≈≈≈≈≈≈≈≈g..# #####
......≈≈≈≈≈.....#
..........s..####
.........#####
...####### ###


You could see Blork the orc, Ijyb and a giant cockroach.

Vanquished Creatures
  A dart slug (D:1)
  4 leopard geckos
  7 bats
  A giant cockroach (D:1)
  6 goblins
  3 hobgoblins (D:1)
  3 frilled lizards
  4 kobolds (D:1)
  2 rats (D:1)
31 creatures vanquished.

Notes
Turn   | Place    | Note
-------+----------+-------------------------------------------
     0 | D:1      | Shtrein the Ogre Hunter began the quest for the Orb.
     0 | D:1      | Reached XP level 1. HP: 22/22 MP: 1/1
    71 | D:1      | Reached XP level 2. HP: 29/29 MP: 2/2
   678 | D:1      | Reached XP level 3. HP: 16/36 MP: 3/3
  1417 | D:5      | Entered Level 5 of the Dungeon
  1417 | D:5      | Noticed Ijyb
  1420 | D:5      | Found a basalt altar of Yredelemnul.
  1426 | D:5      | Noticed Blork the orc
  1448 | D:5      | Killed from afar by Blork the orc

Levels and vault maps discovered:
D:1:      lemuel_arrival_room, layout_basic, minmay_misc_feat_chi
D:2:      layout_basic
D:3:      layout_basic, first_ration
D:4:      layout_rooms, grunt_temple_overflow_order_and_chaos_2,
          xom_teletrap_fun
D:5:      layout_rooms, minmay_temple_entry_stoned_glass, serial_shops, shop,
          lemuel_altar_in_water, uniq_ijyb, uniq_blork_the_orc

Skill      XL: |  1  2 |
---------------+-------+-----
Dodging        | 2 |  2.0
Fighting       | |  2.8
Short Blades   | |  0.2
Throwing       | |  4.9
Stealth        | |  0.6

Action                   || total
-------------------------++-------
Melee: Short sword       ||    83
Throw: Large rock        ||    35
       Throwing net      ||     2
 Stab: Held in net/web   ||     1
  Eat: Chunk             ||     1
Armor: Robe              ||    34
Dodge: Dodged            ||    89
